 Dungeon Crawl Stone Soup version 0.23-a0-32-g1388f29 (webtiles) character file.

21 kae the Skirmisher (level 2, -6/28 HPs)
             Began as a Naga Abyssal Knight on Aug 4, 2018.
             Was a Follower of Lugonu.
             Mangled by an orc
             ... wielding a +0 short sword
              (7 damage)
             ... on level 2 of the Dungeon.
             The game lasted 00:01:03 (1098 turns).

kae the Skirmisher (Naga Abyssal Knight)            Turns: 1098, Time: 00:01:04

Health: -6/28      AC:  2    Str: 14    XL:     2   Next: 87%
Magic:  3/3        EV:  9    Int: 12    God:    Lugonu [*.....]
Gold:   93         SH:  0    Dex: 10    Spells: 1/1 levels left

rFire    . . .     SeeInvis +   a - +1 falchion
rCold    . . .     Gourm    .   (no shield)
rNeg     . . .     Faith    .   b - +0 leather armour
rPois    +         Spirit   .   (no helmet)
rElec    .         Reflect  .   (no cloak)
rCorr    .         Harm     .   (no gloves)
MR       .....                  (no barding)
Stlth    +.........             (no amulet)
HPRegen  0.09/turn              (no ring)
MPRegen  0.08/turn              (no ring)

@: short of breath, very slow
A: large, see invisible, deformed body, poison resistance, slowness 2, slow
metabolism 1, spit poison 1, AC +0
a: Spit Poison, Depart the Abyss, Renounce Religion


You were on level 2 of the Dungeon.
You worshipped Lugonu.
Lugonu was aware of your devotion.
You were not hungry.

You visited 1 branch of the dungeon, and saw 2 of its levels.
You visited the Abyss 1 time.

You collected 93 gold pieces.

Inventory:

Hand Weapons
 a - a +1 falchion (weapon)
Armour
 b - a +0 leather armour (worn)
Scrolls
 e - a scroll of fear {unknown}
 f - 2 scrolls of teleportation
 h - a scroll of identify
Potions
 d - a potion of lignification
 g - 2 potions of curing
Comestibles
 c - 3 rations


   Skills:
 + Level 3.1 Fighting
 * Level 2.5 Long Blades
 + Level 1.7 Armour
 + Level 1.1 Dodging
 + Level 2.3 Invocations


You had one spell level left.
You didn't know any spells.
Your spell library was empty.

Dungeon Overview and Level Annotations

Branches:
Dungeon (2/15)

Altars:


Innate Abilities, Weirdness & Mutations

You cannot wear boots.
Your serpentine skin is tough. (AC +0)
You have supernaturally acute eyesight. (SInv)
Armour fits poorly on your strangely shaped body.
Your system is resistant to poisons. (rPois)
You cover ground very slowly.
You have a slow metabolism.
You can spit poison.


Message History

Aim: an orc, wielding a trident and wearing a chain mail The splash of poison misses the orc.
The splash of poison hits the orc.
The orc is poisoned.
You kill the orc!
Lugonu accepts your kill.
You feel slightly more hungry. The orc closely misses you.
You riposte.
You hit the orc.
The orc is moderately wounded.
You hit the orc but do no damage.
The orc is moderately wounded.
The orc hits you with a trident.
* * * LOW HITPOINT WARNING * * *
You hit the orc.
You kill the orc!
Lugonu accepts your kill.
You barely miss the orc. The orc barely misses you.
You closely miss the orc. The orc hits you with a short sword.
* * * LOW HITPOINT WARNING * * *
You hit the orc but do no damage. The orc hits you with a short sword!
You die...

###...#.#...###.#####.#
##..................#
####.##.####.#######
#.##.####.# #.........#
####.###### #.# #.# #@#
#o# #)# #.# ... ... ...
.#.##


You could see an orc.

Vanquished Creatures
  A dart slug (D:1)
  4 orcs (D:2)
  2 goblins (D:1)
  2 hobgoblins
  A kobold (D:1)
  2 frilled lizards
  3 rats
15 creatures vanquished.

Notes
Turn   | Place    | Note
-------+----------+-------------------------------------------
     0 | Abyss:1  | kae the Naga Abyssal Knight began the quest for the Orb.
     0 | Abyss:1  | Reached XP level 1. HP: 21/21 MP: 2/2
     2 | Abyss:1  | Found a corrupted altar of Lugonu.
    47 | Abyss:1  | Found a corrupted altar of Lugonu.
   129 | Abyss:1  | Noticed a cacodemon
   130 | D:1      | Escaped the Abyss
   469 | D:1      | Reached XP level 2. HP: 24/28 MP: 3/3
   569 | D:1      | Reached * piety under Lugonu
   978 | D:2      | Reached skill level 1 in Dodging
  1097 | D:2      | HP: 1/28 [orc/short sword (5)]
  1098 | D:2      | Mangled by an orc

Vault maps used:
D:1:      nicolae_arrival_washed_ashore
D:2:      lemuel_round_altar

Skill      XL: |  1  2 |
---------------+-------+-----
Dodging        | 1 |  1.1
Fighting       | |  3.1
Long Blades    | |  2.5
Armour         | |  1.7
Invocations    | |  2.3

Action                   || total
-------------------------++-------
Melee: Falchion          ||    36
Invok: Depart the Abyss  ||     1
 Abil: Spit Poison       ||     3
  Use: Scroll            ||     3
Armor: Leather armour    ||     5
Dodge: Dodged            ||     9
       Rpst.: Falchion   ||     4

Table legend:
 A = Spawn XP
 B = Non-spawn XP
 C = Spawn XP percentage of total XP
 D = Spawn monster count
 E = Non-spawn monster count
 F = Spawn count percentage of total count
 G = Total turns spent on level
                    A         B        C        D         E        F      G
               +---------+---------+-------+---------+---------+-------+---------
         Total |       0 |      31 |   0.0 |       0 |      15 |   0.0 |  1098
               +---------+---------+-------+---------+---------+-------+---------
           D:1 |       0 |      15 |   0.0 |       0 |       8 |   0.0 |   771
           D:2 |       0 |      16 |   0.0 |       0 |       7 |   0.0 |   197
               +---------+---------+-------+---------+---------+-------+---------
